 Dungeon Crawl Stone Soup version 0.25-a0-425-g0e000e855e (webtiles) character file.

Game seed: 16356299125911080596, levelgen mode: deterministic

606 Nattfarinn the Changer (level 7, -12/32 HPs)
             Began as a Spriggan Venom Mage on Jan 24, 2020.
             Mangled by an ice beast (14 damage)
             ... on level 5 of the Dungeon.
             The game lasted 00:12:11 (4245 turns).

Nattfarinn the Changer (Spriggan Venom Mage)        Turns: 4245, Time: 00:12:13

Health: -12/32     AC:  3    Str:  4    XL:     7   Next: 19%
Magic:  11/15      EV: 21    Int: 18    God:
Gold:   123        SH:  0    Dex: 17    Spells: 5/15 levels left

rFire    . . .     SeeInvis +   k - +0 dagger
rCold    . . .     Gourm    .   (shield restricted)
rNeg     . . .     Faith    .   a - +0 robe
rPois    .         Spirit   .   (helmet restricted)
rElec    .         Reflect  .   j - +0 cloak
rCorr    .         Harm     .   (gloves unavailable)
MR       +....                  (boots unavailable)
Stlth    +++.......             (no amulet)
HPRegen  0.10/turn              (no ring)
MPRegen  0.14/turn              (no ring)

@: about to teleport, very quick
A: very small, unfitting armour, see invisible, herbivore, speed 3, slow
metabolism 2
a: no special abilities


You were on level 5 of the Dungeon.
You were very hungry.

You visited 1 branch of the dungeon, and saw 5 of its levels.

You collected 123 gold pieces.

Inventory:

Hand Weapons
 k - a +0 dagger (weapon)
Armour
 a - a +0 robe (worn)
 j - a +0 cloak (worn)
Jewellery
 o - an uncursed ring of wizardry
Wands
 m - a wand of random effects (17)
 q - a wand of flame (17)
Scrolls
 b - 3 scrolls of teleportation
 d - 4 scrolls of remove curse
 h - a scroll of immolation {unknown}
 i - 2 scrolls of identify
 p - 3 scrolls of amnesia {unknown}
 r - a scroll of noise {unknown}
 s - a scroll of enchant armour {unknown}
 w - a scroll of blinking {unknown}
 y - a scroll of enchant weapon {unknown}
Potions
 f - a potion of might {unknown}
 g - a potion of curing
 l - a potion of mutation {unknown}
 n - a potion of haste {unknown}
 t - a potion of agility {unknown}
 u - a potion of berserk rage {unknown}
 v - a potion of lignification {unknown}
 x - a potion of brilliance {unknown}
Comestibles
 c - 4 rations


   Skills:
 + Level 5.3 Dodging
 + Level 5.6 Stealth
 + Level 4.6 Spellcasting
 * Level 6.0 Transmutations
 + Level 4.2 Poison Magic


You had 5 spell levels left.
You knew the following spells:

 Your Spells              Type           Power        Failure   Level  Hunger
a - Sting                 Tmut/Pois      ###.         1%          1    None
b - Poisonous Vapours     Pois/Air       ##....       9%          2    #......
c - Olgreb's Toxic Radia  Pois           ###.....     24%         4    ####...
d - Ignite Poison         Fire/Tmut/Pois ###.....     10%         3    ###....

Your spell library contained the following spells:

 Spells                   Type           Power        Failure   Level  Hunger
 Mephitic Cloud           Conj/Pois/Air  #.......     22%         3    ###....


Dungeon Overview and Level Annotations

Branches:
Dungeon (5/15)
 Temple: D:4-7

Altars:
Fedhas
Hepliaklqana
Uskayaw
Wu Jian

Annotations:
D:4 4 transporters, anet's ghost, novice HaWz
D:5 1 runed translucent door, TimeIsEndless's ghost, novice GnFi


Innate Abilities, Weirdness & Mutations

You are very small and have problems with some larger weapons.
You are too small for most types of armour.
You have supernaturally acute eyesight. (SInv)
You are a herbivore.
You cover ground extremely quickly.
You need to consume almost no food.


Message History

The crimson imp closely misses you. The ice beast closely misses you.
Okay, then.
As you read the scroll labeled XUJOMNA GESHRU, it crumbles to dust.
You feel aware of your surroundings.
You sensed 1 altar.
It was a scroll of magic mapping.
The crimson imp closely misses you. The ice beast hits you.
The ice beast freezes you.
As you read the scroll labeled BEDDAT SAUS, it crumbles to dust.
It is a scroll of identify.
b - 4 scrolls of teleportation The crimson imp misses you.
The ice beast hits you.
* * * LOW HITPOINT WARNING * * *
The ice beast freezes you.
* * * LOW HITPOINT WARNING * * *
As you read the scroll of teleportation, it crumbles to dust.
You feel strangely unstable.
The crimson imp summons a swarm of flies.
The crimson imp misses you. The ice beast hits you.
* * * LOW HITPOINT WARNING * * *
The ice beast freezes you!
You die...

*,* #.# ##*,* #.#
..,,* #.# ##***
#.# #.# #.# ######
#Z#
#....###########Y#
..##...........5@#
##################


You could see an ice beast, a crimson imp and a howler monkey skeleton.

Vanquished Creatures
  A phantom (D:3)
  An ogre (D:3)
  Blork the orc (D:4)
  A howler monkey (D:4)
  Crazy Yiuf (D:4)
  A hound (D:4)
  Ijyb (D:3)
  Natasha (thrice) (D:4)
  2 worker ants
  A worker ant zombie (D:5)
  3 gnolls (D:5)
  An adder (D:4)
  2 oozes (D:2)
  A worm (D:2)
  A leopard gecko (D:4)
  9 orcs
  3 ball pythons
  4 giant cockroaches
  6 goblins
  4 hobgoblins
  4 jackals (D:3)
  3 quokkas
  3 bats (D:1)
  6 frilled lizards
  2 kobolds (D:1)
  7 rats
72 creatures vanquished.

Notes
Turn   | Place    | Note
-------+----------+-------------------------------------------
     0 | D:1      | Nattfarinn the Spriggan Venom Mage began the quest for the
                  | Orb.
     0 | D:1      | Reached XP level 1. HP: 9/9 MP: 5/5
   142 | D:1      | Reached skill level 2 in Transmutations
   245 | D:1      | Reached XP level 2. HP: 13/13 MP: 3/6
   274 | D:1      | Learned a level 2 spell: Poisonous Vapours
   920 | D:2      | Reached XP level 3. HP: 12/16 MP: 0/8
  1146 | D:2      | Found a blossoming altar of Fedhas.
  1432 | D:3      | Reached skill level 3 in Transmutations
  1551 | D:3      | Noticed a phantom
  1597 | D:3      | Killed a phantom
  1597 | D:3      | Reached XP level 4. HP: 15/21 MP: 8/10
  1841 | D:3      | Reached XP level 5. HP: 24/24 MP: 9/11
  1853 | D:3      | Reached skill level 4 in Transmutations
  1859 | D:3      | Noticed an ogre
  1896 | D:3      | Killed an ogre
  2244 | D:3      | Learned a level 4 spell: Olgreb's Toxic Radiance
  2248 | D:3      | Learned a level 3 spell: Ignite Poison
  2308 | D:3      | Noticed Ijyb
  2355 | D:3      | Killed Ijyb
  2355 | D:3      | Reached XP level 6. HP: 11/28 MP: 7/13
  2576 | D:3      | Found a faded altar of an unknown god.
  2799 | D:4      | Found a transporter.
  2799 | D:4      | Noticed anet's ghost (novice HaWz)
  2802 | D:4      | Found a transporter.
  2846 | D:4      | Found a hazy altar of Hepliaklqana.
  2853 | D:4      | Found a transporter.
  2859 | D:4      | Found a transporter.
  2865 | D:4      | Noticed a centaur warrior
  2868 | D:4      | Found a hide-covered altar of Uskayaw.
  2960 | D:4      | Noticed Natasha
  2964 | D:4      | Killed Natasha
  2964 | D:4      | Reached skill level 5 in Stealth
  2964 | D:4      | Reached skill level 5 in Transmutations
  2976 | D:4      | Found an ornate altar of the Wu Jian Council.
  3013 | D:4      | Found a runed translucent door.
  3014 | D:4      | Noticed Crazy Yiuf
  3096 | D:4      | Noticed Natasha
  3237 | D:4      | Noticed Blork the orc
  3276 | D:4      | Killed Blork the orc
  3276 | D:4      | Reached skill level 5 in Dodging
  3485 | D:4      | Killed Crazy Yiuf
  3614 | D:4      | Killed Natasha
  3614 | D:4      | Reached XP level 7. HP: 26/32 MP: 9/14
  3632 | D:4      | Noticed Natasha
  3639 | D:4      | Killed Natasha
  3800 | D:5      | Entered Level 5 of the Dungeon
  3800 | D:5      | Found a runed translucent door.
  3803 | D:5      | Noticed TimeIsEndless's ghost (novice GnFi)
  4220 | D:5      | Reached skill level 6 in Transmutations
  4245 | D:5      | Mangled by an ice beast

Levels and vault maps discovered:
D:1:      psy_arrival_statuary, layout_loops_corners
D:2:      layout_basic, first_ration, fedhas_altar_1, uniq_sigmund
D:3:      layout_loops_cross, chequers_ecumenical_altar_simple, uniq_ijyb
D:4:      layout_rooms, lemuel_round_altar, gammafunk_temple_overflow_arena,
          gammafunk_ghost_arena, uniq_blork_the_orc, uniq_crazy_yiuf_cottage,
          uniq_natasha
D:5:      layout_loops_ring, old_standard_altar, hellmonk_ghost_happy_afterlife,
          nrook_campfire, grunt_ministairs_5, uniq_menkaure

Skill      XL: |  1  2  3  4  5  6  7 |
---------------+----------------------+-----
Transmutations | 2 3 4 5 6 |  6.0
Spellcasting   | 3 4 |  4.6
Dodging        | 4 5 |  5.3
Stealth        | 4 5 |  5.6
Poison Magic   | 4 |  4.2

Action                   |  1- 3 |  4- 6 |  7- 9 || total
-------------------------+-------+-------+-------++-------
Melee: Unarmed           |    17 |       |       ||    17
       Dagger            |    14 |    74 |    24 ||   112
 Cast: Sting             |    56 |    48 |    32 ||   136
       Poisonous Vapours |     2 |     2 |       ||     4
       Olgreb's Toxic Ra |       |     1 |     1 ||     2
       Ignite Poison     |       |     1 |       ||     1
Evoke: Wand              |    10 |     1 |       ||    11
  Use: Potion            |     1 |       |       ||     1
       Scroll            |       |       |     4 ||     4
 Stab: Sleeping          |     2 |     7 |     1 ||    10
Armor: Robe              |     3 |    10 |     3 ||    16
Dodge: Dodged            |    37 |    72 |    42 ||   151

Table legend:
 A = Non-vault XP
 B = Vault XP
 C = Vault XP percentage of total XP
 D = Non-vault monster count
 E = Vault monster count
 F = Vault count percentage of total count
                 A         B        C        D         E       F
            +---------+---------+-------+---------+---------+-------
      Total |     657 |     209 |  24.1 |      68 |       4 |   5.6
            +---------+---------+-------+---------+---------+-------
        D:1 |      25 |       0 |   0.0 |      18 |       0 |   0.0
        D:2 |      32 |       0 |   0.0 |      12 |       0 |   0.0
        D:3 |     292 |      36 |  11.0 |      24 |       1 |   4.0
        D:4 |     214 |     173 |  44.7 |       8 |       3 |  27.3
        D:5 |      94 |       0 |   0.0 |       6 |       0 |   0.0
            +---------+---------+-------+---------+---------+-------
